 Dungeon Crawl Stone Soup version 0.21-a0-265-gb353147 (webtiles) character file.

19172 4thArraOfDagon the Arsonist (level 12, -1/91 HPs)
             Began as a Vampire Fire Elementalist on Sept 10, 2017.
             Was an Elder of Sif Muna.
             Slain by a centaur warrior (9 damage)
             ... on level 14 of the Dungeon.
             The game lasted 00:43:52 (7669 turns).

4thArraOfDagon the Arsonist (VpFE)                  Turns: 7669, Time: 00:43:53

Health: -1/91      AC:  7    Str:  7    XL:     12   Next: 34%
Magic:  20/20      EV: 17    Int: 23    God:    Sif Muna [****..]
Gold:   511        SH:  0    Dex: 19    Spells: 3/22 levels left

rFire    + . .     SeeInvis +   B - +1 flail (venom)
rCold    . . .     Gourm    .   (no shield)
rNeg     + . .     Faith    .   L - +0 troll leather armour
rPois    +         Spirit   .   (no helmet)
rElec    .         Reflect  .   u - +1 cloak {rPois}
rCorr    .         Harm     .   v - +0 pair of gloves
MR       +....                  (no boots)
Stlth    ++........             (no amulet)
HPRegen  0.65/turn              q - ring of fire
MPRegen  0.17/turn              D - ring of protection from cold

@: confused, agile, divine energy
A: fangs 3, see invisible, unbreathing
a: Bat Form, Stop Divine Energy, Channel Magic, Forget Spell, Renounce Religion


You were on level 14 of the Dungeon.
You worshipped Sif Muna.
Sif Muna was greatly pleased with you.
You were not thirsty.

You visited 2 branches of the dungeon, and saw 15 of its levels.
You also visited: Bailey.

You collected 511 gold pieces.

Inventory:

Hand Weapons
 B - a +1 flail of venom (weapon)
 S - a +6 blowgun
 T - a +4 hand axe
Missiles
 c - 3 exploding tomahawks (quivered)
 h - a throwing net
Armour
 a - a +0 robe
 u - a +1 cloak of poison resistance (worn)
 v - a +0 pair of gloves (worn)
 E - a +1 ring mail of poison resistance
 H - a +0 leather armour of fire resistance
 I - a +0 leather armour of magic resistance
 L - a +0 troll leather armour (worn)
 N - a +2 robe
Jewellery
 p - an uncursed ring of positive energy
 q - a ring of fire (left hand)
 s - an uncursed ring of protection from fire
 D - a ring of protection from cold (right hand)
 U - an uncursed ring of protection from magic
Wands
 d - a wand of random effects (22/48)
 e - a wand of random effects (44/48)
 o - a wand of confusion (9/48)
 K - a wand of paralysis (15/24)
Scrolls
 i - 2 scrolls of noise
 k - 3 scrolls of enchant weapon
 n - 5 scrolls of remove curse
 t - 2 scrolls of amnesia {unknown}
 x - 2 scrolls of blinking {unknown}
 y - a scroll of immolation
 A - 2 scrolls of fog
 J - 2 scrolls of summoning
 P - a scroll of vulnerability {unknown}
 Q - a scroll of brand weapon
Potions
 f - 3 potions of magic
 g - 2 potions of mutation
 j - a potion of haste
 l - 3 potions of brilliance
 C - 5 potions of might
 G - a potion of invisibility {unknown}
 M - a potion of blood
Books
 b - a book of Flames

   Spells                             Type                      Level
   a - Flame Tongue                   Conjuration/Fire             1
   b - Throw Flame                    Conjuration/Fire             2
   c - Conjure Flame                  Conjuration/Fire             3
   d - Inner Flame                    Hexes/Fire                   3
   e - Sticky Flame                   Conjuration/Fire             4
   f - Fireball                       Conjuration/Fire             5
 r - a book of Maledictions

   Spells                             Type                      Level
   a - Corona                         Hexes                        1
   b - Ensorcelled Hibernation        Hexes/Ice                    2
   c - Confuse                        Hexes                        3
   d - Tukima's Dance                 Hexes                        3
   e - Dazzling Spray                 Conjuration/Hexes            3
 w - a book of Minor Magic

   Spells                             Type                      Level
   a - Magic Dart                     Conjuration                  1
   b - Blink                          Translocation                2
   c - Call Imp                       Summoning                    2
   d - Slow                           Hexes                        2
   e - Conjure Flame                  Conjuration/Fire             3
   f - Mephitic Cloud                 Conjuration/Poison/Air       3
 O - Sif Muna's Early Guide to Secret Knowledge
   (Sif Muna gifted it to you in a bailey)

   Spells                             Type                      Level
   a - Throw Flame                    Conjuration/Fire             2
   b - Corpse Rot                     Necromancy                   2
   c - Blink                          Translocation                2
   d - Passwall                       Transmutation/Earth          2
   e - Sticks to Snakes               Transmutation                2
Miscellaneous
 R - a phial of floods


   Skills:
 - Level 7.1 Fighting
 - Level 2.1 Dodging
 + Level 5.2 Stealth
 + Level 5.9 Spellcasting
 * Level 8.5 Conjurations
 * Level 9.9 Fire Magic
 + Level 7.8 Invocations


You had 3 spell levels left.
You knew the following spells:

 Your Spells              Type           Power        Failure   Level  Hunger
a - Flame Tongue          Conj/Fire      #####        1%          1    None
b - Conjure Flame         Conj/Fire      ######..     1%          3    #......
c - Sticky Flame          Conj/Fire      ######..     2%          4    ###....
d - Fireball              Conj/Fire      ######....   8%          5    #####..
e - Apportation           Tloc           #.....       13%         1    None
f - Blink                 Tloc           N/A          21%         2    None
g - Mephitic Cloud        Conj/Pois/Air  ###.....     12%         3    #......


Dungeon Overview and Level Annotations

Branches:
Dungeon (14/15)            Temple (1/1) D:6            Lair (0/6) D:9
    Orc (0/2) D:12
 Vaults: D:13-14

Altars:
Cheibriados
Dithmenos
Elyvilon
Fedhas
Gozag
Makhleb
Nemelex Xobeh
Okawaru
Qazlal
Ru
Sif Muna
Uskayaw
Yredelemnul
Zin

Annotations:
D:9 exclusion: ice statue
D:14 Rupert


Innate Abilities, Weirdness & Mutations

You have razor-sharp teeth.
You have supernaturally acute eyesight. (SInv)
You can survive without breathing.


Message History

Unknown command.
A centaur warrior comes into view.
Things that are here:
a hand axe; a leather armour; a meliai corpse The centaur warrior hits you!
* * * LOW HITPOINT WARNING * * *
The centaur warrior hits you!
* * * LOW HITPOINT WARNING * * *
Unknown command.
Unknown command.
You feel agile all of a sudden. The centaur warrior closely misses you.
Unknown command.
You are confused.
You feel invigorated. The centaur warrior hits you!
* * * LOW HITPOINT WARNING * * *
The centaur warrior completely misses you.
Unknown command.
The centaur warrior hits you!
You die...

###########
#..........
#..........
#..........
#.ยง........
#).........
#@.........
#.....c..........
#.....###.#######
####.. ...# #.
..... #. ##.#.# #
.#.# #


You could see a centaur warrior.

Vanquished Creatures
  Snorg (D:14)
  Josephine (D:12)
  Erolcha (D:9)
  3 two-headed ogres
  2 orc knights (Bailey)
  An ugly thing (D:11)
  A centaur zombie (D:11)
  Maurice (D:9)
  Joseph (D:9)
  The ghost of Torax the Destroyer, a novice TeAE of Sif Muna (D:4)
  The ghost of removed the Conjurer, a novice DgVM (D:5)
  Psyche (D:12)
  A rime drake (shapeshifter) (D:14)
  A meliai (D:14)
  4 trolls
  A hornet (D:9)
  Prince Ribbit (D:8)
  A hippogriff (D:12)
  9 slime creatures
  Sigmund (D:2)
  3 wraiths (D:12)
  3 wyverns
  3 yaks (D:9)
  2 hungry ghosts
  Edmund (D:4)
  3 ice beasts
  4 orc warriors
  3 black bears
  2 sky beasts
  2 phantoms (D:12)
  6 ogres
  13 centaurs
  A big kobold (D:7)
  6 bullfrogs
  A gnoll sergeant (D:9)
  A water moccasin zombie (D:7)
  A scorpion (D:8)
  15 killer bees
  4 howler monkeys
  A crimson imp (D:12)
  2 bullfrog zombies
  5 orc priests
  2 centaur skeletons
  4 jellies
  5 hounds
  A bullfrog skeleton (D:8)
  8 iguanas
  Natasha (D:2)
  8 worker ants
  5 orc wizards
  A killer bee zombie (D:10)
  6 ogre zombies (D:12)
  A hound skeleton (D:7)
  A howler monkey zombie (D:5)
  2 worker ant zombies
  9 gnolls
  10 adders
  A river rat (D:5)
  2 shadow imps
  An ooze (D:4)
  2 adder skeletons
  2 dart slugs
  7 leopard geckos
  40 orcs
  5 ball pythons
  6 giant cockroaches
  8 hobgoblins
  20 jackals
  23 kobolds
  2 quokkas
  4 bats (D:1)
  2 frilled lizards
  7 goblins
  A goblin skeleton (D:12)
  A hobgoblin skeleton (D:12)
  3 hobgoblin zombies (D:12)
  An orc skeleton (D:12)
  13 orc zombies (D:12)
  10 rats
341 creatures vanquished.

Vanquished Creatures (others)
  A two-headed ogre (D:9)
1 creature vanquished.

Grand Total: 342 creatures vanquished

Notes
Turn   | Place    | Note
-------+----------+-------------------------------------------
     0 | D:1      | 4thArraOfDagon the Vampire Fire Elementalist began the quest for the Orb.
     0 | D:1      | Reached XP level 1. HP: 13/13 MP: 3/3
   276 | D:1      | Reached XP level 2. HP: 17/19 MP: 1/5
   335 | D:1      | Reached skill level 1 in Conjurations
   430 | D:2      | Noticed Natasha
   570 | D:2      | Noticed Sigmund
   620 | D:3      | Found a burning altar of Makhleb.
   795 | D:3      | Found a shadowy altar of Dithmenos.
   795 | D:3      | Found a stormy altar of Qazlal.
   845 | D:3      | Noticed a crimson imp
   946 | D:4      | Noticed an ogre
   959 | D:4      | Reached XP level 3. HP: 24/24 MP: 2/6
   964 | D:4      | Learned a level 3 spell: Conjure Flame
  1056 | D:4      | Noticed Torax's ghost (novice TeAE)
  1067 | D:5      | Entered Level 5 of the Dungeon
  1101 | D:4      | Killed Torax's ghost
  1101 | D:4      | Reached skill level 4 in Fire Magic
  1101 | D:4      | Reached XP level 4. HP: 13/30 MP: 0/8
  1101 | D:4      | Reached XP level 5. HP: 16/35 MP: 0/9
  1101 | D:4      | Reached XP level 6. HP: 18/41 MP: 0/10
  1125 | D:4      | Learned a level 4 spell: Sticky Flame
  1493 | D:6      | Reached XP level 7. HP: 33/46 MP: 3/12
  1508 | D:6      | Learned a level 5 spell: Fireball
  1558 | D:6      | Found a staircase to the Ecumenical Temple.
  1567 | Temple   | Entered the Ecumenical Temple
  1599 | Temple   | Became a worshipper of Sif Muna the Loreminder
  1650 | D:5      | Noticed removed's ghost (novice DgVM)
  1730 | D:5      | Reached skill level 5 in Fire Magic
  1791 | D:4      | Reached skill level 1 in Invocations
  1944 | D:3      | Found an iron altar of Okawaru.
  2027 | D:2      | Killed Natasha
  2074 | D:2      | Killed Sigmund
  2074 | D:2      | Reached XP level 8. HP: 37/52 MP: 7/14
  2201 | D:1      | Reached * piety under Sif Muna
  2645 | D:3      | Found a blossoming altar of Fedhas.
  2768 | D:4      | Reached skill level 1 in Fighting
  2829 | D:4      | Noticed Edmund
  2853 | D:4      | Killed Edmund
  3119 | D:5      | Killed removed's ghost
  3425 | D:6      | Reached XP level 9. HP: 57/65 MP: 10/15
  3561 | D:6      | Found a sacrificial altar of Ru.
  3717 | D:7      | Reached ** piety under Sif Muna
  3751 | D:7      | Reached skill level 5 in Invocations
  3945 | D:7      | Reached skill level 6 in Fire Magic
  3975 | D:7      | Reached skill level 5 in Conjurations
  4014 | D:7      | Reached skill level 5 in Fighting
  4503 | D:8      | HP: 2/68 [worker ant (5)]
  4604 | D:8      | Reached XP level 10. HP: 17/74 MP: 1/16
  4856 | D:8      | Reached skill level 7 in Fire Magic
  4888 | D:8      | Reached *** piety under Sif Muna
  5072 | D:9      | Noticed Maurice
  5102 | D:9      | Killed Maurice
  5205 | D:9      | Noticed a two-headed ogre
  5208 | D:9      | Found a staircase to the Lair.
  5230 | D:10     | Entered Level 10 of the Dungeon
  5237 | D:10     | Noticed a two-headed ogre
  5242 | D:10     | Killed a two-headed ogre
  5318 | D:9      | Noticed a two-headed ogre
  5330 | D:9      | Killed a two-headed ogre
  5368 | D:9      | Reached skill level 8 in Fire Magic
  5538 | D:8      | Noticed Prince Ribbit
  5546 | D:8      | Killed Prince Ribbit
  5546 | D:8      | Reached **** piety under Sif Muna
  5676 | D:9      | Noticed Erolcha
  5684 | D:9      | Killed a two-headed ogre
  5684 | D:9      | Reached XP level 11. HP: 47/83 MP: 13/17
  5686 | D:9      | Killed Erolcha
  5820 | D:9      | Noticed Joseph
  5860 | D:9      | Killed Joseph
  6127 | D:9      | tidbits: of course you'll find the first hide
  6156 | D:9      | Learned a level 1 spell: Apportation
  6201 | D:9      | tidbits: i killed 10+ trolls without one
  6374 | D:10     | tidbits: too slow though
  6549 | D:10     | tidbits: no point in going on
  6632 | D:11     | Noticed a two-headed ogre
  6642 | D:11     | Killed a two-headed ogre
  6642 | D:11     | Reached skill level 9 in Fire Magic
  6659 | D:11     | Reached skill level 5 in Spellcasting
  6742 | D:12     | Noticed Josephine
  6860 | D:12     | Found a flagged portal.
  6872 | D:12     | Killed Josephine
  6893 | Bailey   | Entered a bailey
  6941 | Bailey   | Reached ***** piety under Sif Muna
  6941 | Bailey   | Received a gift from Sif Muna
  6946 | Bailey   | Identified Sif Muna's Early Guide to Secret Knowledge (Sif Muna gifted it to you in a bailey)
  6971 | Bailey   | Noticed an orc knight
  6977 | Bailey   | Noticed an orc knight
  7001 | Bailey   | Killed an orc knight
  7004 | Bailey   | Killed an orc knight
  7024 | Bailey   | Found a bloodstained altar of Trog.
  7141 | D:12     | Found a staircase to the Orcish Mines.
  7144 | D:12     | Reached XP level 12. HP: 91/91 MP: 3/20
  7392 | D:12     | Noticed Psyche
  7406 | D:12     | Killed Psyche
  7611 | D:14     | Noticed Rupert
  7638 | D:14     | Learned a level 2 spell: Blink
  7642 | D:14     | Learned a level 3 spell: Mephitic Cloud
  7654 | D:14     | Noticed Snorg
  7662 | D:14     | Killed Snorg
  7662 | D:14     | Reached skill level 5 in Stealth
  7666 | D:14     | Noticed a centaur warrior
  7668 | D:14     | HP: 4/91 [centaur warrior (7)]
  7669 | D:14     | Slain by a centaur warrior

Vault maps used:
D:1:      eino_arrival_cavern_a
D:2:      uniq_natasha, uniq_sigmund
D:3:      overflow_temple_1_default, bloody_makhleb,
          amethyst_overflow_temple_binary, first_bread, fedhas_altar_2
D:4:      uniq_edmund
D:5:      portal_sewer_entry_a
D:6:      minmay_temple_entry_grid, nicolae_ru_the_path_less_chosen
D:7:      minitemple, minmay_crystal_room, grunt_decor_resistance,
          grunt_ogre_cave, hangedman_decor_peaks_small,
          minmay_item_behind_shaft, uniq_duvessa
D:8:      uniq_prince_ribbit1
D:9:      lair_entry_dummy, grunt_decor_fettered, minivault_16, uniq_maurice,
          uniq_erolcha, uniq_joseph
D:12:     zombieorc1_lemuel, lightli_bailey_entry_fortress, uniq_josephine,
          uniq_psyche
D:13:     erik_vaults_2, serial_shops, nicolae_shop_crystal, uniq_frances
D:14:     minmay_curly_fans, lab_entry_generic, minivault_1, uniq_snorg,
          uniq_rupert, uniq_sonja
Temple:   hc_temple_tempest_star
Bailey:   bailey_axe_3, bailey

Skill      XL: |  1  2  3  4  5  6  7  8  9 10 11 12 |
---------------+-------------------------------------+-----
Conjurations   | 1 2 3 4 5 7 8 |  8.5
Spellcasting   | 3 4 5 |  5.9
Fire Magic     | 4 5 6 8 9 |  9.9
Invocations    | 1 4 5 6 7 |  7.8
Fighting       | 4 5 6 7 |  7.1
Stealth        | 5 |  5.2
Dodging        | |  2.1

Action                   |  1- 3 |  4- 6 |  7- 9 | 10-12 || total
-------------------------+-------+-------+-------+-------++-------
Melee: Mace              |    37 |       |       |       ||    37
       Flail             |    18 |    37 |   271 |   213 ||   539
       Bite              |     1 |     4 |    19 |    12 ||    36
 Cast: Flame Tongue      |    27 |    24 |    55 |    99 ||   205
       Conjure Flame     |     1 |     2 |     5 |    30 ||    38
       Sticky Flame      |       |     2 |    48 |    73 ||   123
       Fireball          |       |       |       |    32 ||    32
Invok: Divine Energy     |       |       |     1 |       ||     1
       Channel Magic     |       |       |       |     9 ||     9
Evoke: Wand              |       |       |     3 |     1 ||     4
  Use: Scroll            |     6 |     7 |     8 |     6 ||    27
       Potion            |     2 |       |     4 |     6 ||    12
 Stab: Sleeping          |     1 |       |     6 |       ||     7
       Distracted        |       |       |     2 |     2 ||     4
  Eat: Corpse            |     9 |     5 |    24 |    28 ||    66
Armor: Robe              |    20 |     3 |    83 |     9 ||   115
       Troll leather arm |       |       |       |    83 ||    83
       Leather armour    |       |       |       |    14 ||    14
Dodge: Dodged            |    86 |    34 |   277 |   278 ||   675

Table legend:
 A = Spawn XP
 B = Non-spawn XP
 C = Spawn XP percentage of total XP
 D = Spawn monster count
 E = Non-spawn monster count
 F = Spawn count percentage of total count
 G = Total turns spent on level
                    A         B        C        D         E        F      G
               +---------+---------+-------+---------+---------+-------+---------
         Total |       0 |   27389 |   0.0 |       0 |     342 |   0.0 |  7669
               +---------+---------+-------+---------+---------+-------+---------
           D:1 |       0 |      61 |   0.0 |       0 |      34 |   0.0 |   783
           D:2 |       0 |     266 |   0.0 |       0 |       8 |   0.0 |   429
           D:3 |       0 |     125 |   0.0 |       0 |      24 |   0.0 |   676
           D:4 |       0 |    1008 |   0.0 |       0 |      24 |   0.0 |   656
           D:5 |       0 |     765 |   0.0 |       0 |      19 |   0.0 |   478
           D:6 |       0 |     839 |   0.0 |       0 |      21 |   0.0 |   645
           D:7 |       0 |    1639 |   0.0 |       0 |      27 |   0.0 |   523
           D:8 |       0 |    2432 |   0.0 |       0 |      32 |   0.0 |  1009
           D:9 |       0 |    6490 |   0.0 |       0 |      39 |   0.0 |   939
          D:10 |       0 |    2464 |   0.0 |       0 |      20 |   0.0 |   442
          D:11 |       0 |    1979 |   0.0 |       0 |       4 |   0.0 |    74
          D:12 |       0 |    5177 |   0.0 |       0 |      66 |   0.0 |   664
          D:14 |       0 |    2761 |   0.0 |       0 |       7 |   0.0 |   144
        Temple |       0 |       2 |   0.0 |       0 |       1 |   0.0 |    42
        Bailey |       0 |    1381 |   0.0 |       0 |      16 |   0.0 |   153
               +---------+---------+-------+---------+---------+-------+---------
